AoeStats
← urmomhappy

Fortress

510022735Analyzed
4v4 RM · 4d ago on Sep 29, 2026· 67m 55s· 8 players
Game mode
Random Map
Map size
Huge
Population
200
Speed
Normal
Resources
Standard
Victory
Conquest
Starting age
Dark Age
Ending age
Imperial Age
RankedLock teamsTeams togetherTeam positionsShared explorationLock speedFull tech treeHidden civsTurbo modeCheats
Victory
Defeat
🇺🇸 Ethiopians · United States
1356
+7
🇲🇽 Lithuanians · Mexico
1150
+15
🇺🇸 Cumans · United States
1032
+55
🇺🇸 Mapuche · United States
989
+59
🇪🇨 Spanish · Ecuador
1147
-17
1128
-16
🇹🇼 Bulgarians · Taiwan
1110
-15
🇺🇸 Dravidians · United States
1082
-14
Jason
5:12 Loom
8:10 Feudal Age
8:43 Double-Bit Axe
16:18 Castle Age
16:27 Gold Mining
19:03 Wheelbarrow
19:55 Stirrups
20:58 Bow Saw
20:57 Husbandry
21:08 Bloodlines
21:27 Horse Collar
22:56 Heavy Plow
24:59 Scale Barding Armor
25:06 Forging
26:55 Hand Cart
27:06 Town Watch
33:30 Imperial Age
32:42 Elite Skirmisher
34:34 Thumb Ring
34:24 Fletching
34:35 Padded Archer Armor
35:33 Bodkin Arrow
35:53 Leather Archer Armor
thelight00001
8:05 Feudal Age
12:05 Castle Age
10:52 Double-Bit Axe
10:49 Horse Collar
13:16 Bow Saw
14:48 Loom
22:35 Heavy Plow
23:13 Padded Archer Armor
23:31 Fletching
23:50 Gold Mining
23:54 Stone Mining
24:43 Wheelbarrow
23:55 Town Watch
24:54 Leather Archer Armor
24:35 Bodkin Arrow
25:41 Hand Cart
29:15 Imperial Age
27:35 Thumb Ring
27:39 Medical Corps
28:42 Ballistics
29:56 Husbandry
29:23 Siege Elephant
29:30 Elite Elephant Archer
30:56 Bracer
45:30 Guilds
51:05 Two-Man Saw
51:46 Ring Archer Armor
51:38 Conscription
55:28 Fortified Wall
55:31 Masonry
56:36 Chemistry
55:58 Murder Holes
57:28 Man-at-Arms
57:54 Gambesons
58:13 Scale Mail Armor
58:24 Forging
59:15 Masonry
58:57 Guard Tower
Xavyyy
6:55 Feudal Age
11:03 Castle Age
9:37 Double-Bit Axe
12:19 Bow Saw
14:50 Loom
18:07 Horse Collar
20:06 Heavy Plow
26:16 Imperial Age
25:01 Forging
24:57 Scale Barding Armor
25:49 Wheelbarrow
24:59 Town Watch
25:41 Husbandry
25:52 Bloodlines
26:04 Town Patrol
27:02 Iron Casting
26:19 Cavalier
28:19 Hand Cart
28:59 Chain Barding Armor
29:40 Blast Furnace
29:13 Paladin
31:05 Supremacy
33:07 Plate Barding Armor
35:16 Fletching
38:19 Bodkin Arrow
39:37 Conscription
39:20 Inquisition
42:24 Light Cavalry
43:06 Bracer
43:36 Hussar
46:05 Elite Conquistador
47:13 Murder Holes
48:18 Chemistry
51:44 Caravan
57:07 Bombard Tower
噜噜啊噜噜噜噜噜
1:52 Loom
10:42 Feudal Age
12:24 Wheelbarrow
16:32 Castle Age
15:49 Forging
15:45 Scale Barding Armor
15:30 Town Watch
15:57 Double-Bit Axe
16:00 Horse Collar
16:14 Gold Mining
16:17 Stone Mining
18:42 Iron Casting
20:41 Chain Barding Armor
22:07 Hand Cart
21:55 Town Patrol
23:00 Bow Saw
23:30 Gold Shaft Mining
23:58 Stone Shaft Mining
24:47 Heavy Plow
27:34 Bloodlines
26:45 Light Cavalry
27:26 Husbandry
33:02 Imperial Age
33:06 Heavy Camel Rider
33:08 Cavalier
33:08 Hussar
33:20 Hussar
35:11 Blast Furnace
34:58 Plate Barding Armor
35:38 Cavalier
35:48 Pikeman
36:14 Arson
35:50 Man-at-Arms
36:31 Squires
37:39 Scale Mail Armor
37:40 Padded Archer Armor
37:30 Fletching
39:00 Chain Mail Armor
39:00 Leather Archer Armor
38:41 Bodkin Arrow
39:27 Hoardings
39:13 Conscription
38:54 Maghrebi Camels
41:34 Chemistry
40:55 Ballistics
40:46 Fortified Wall
40:26 Heated Shot
40:34 Murder Holes
40:19 Treadmill Crane
40:50 Masonry
40:31 Guard Tower
40:26 Arrowslits
40:33 Elite Skirmisher
42:28 Ring Archer Armor
41:58 Bracer
42:34 Bracer
43:08 Plate Mail Armor
42:48 Siege Engineers
42:29 Arrowslits
42:51 Siphons
42:57 Careening
48:42 Maghrebi Camels
ExamofSingular
6:40 Feudal Age
7:14 Double-Bit Axe
7:14 Horse Collar
9:47 Wheelbarrow
17:35 Castle Age
15:58 Loom
18:52 Heavy Plow
19:05 Bow Saw
18:42 Loom
19:38 Gold Mining
20:08 Hand Cart
19:59 Stone Mining
23:19 Imperial Age
22:38 Scale Barding Armor
22:45 Forging
23:40 Bloodlines
24:00 Chain Barding Armor
23:28 Light Cavalry
23:30 Cavalier
24:13 Fletching
24:59 Padded Archer Armor
25:31 Town Watch
26:57 Plate Barding Armor
26:58 Iron Casting
26:20 Bodkin Arrow
26:39 Cuman Mercenaries
28:25 Ballistics
28:26 Paladin
29:02 Capped Ram
29:14 Hussar
30:16 Conscription
29:58 Steppe Husbandry
30:57 Scale Mail Armor
31:33 Iron Casting
30:28 Elite Steppe Lancer
35:12 Gold Shaft Mining
34:38 Town Patrol
38:11 Blast Furnace
37:20 Caravan
40:28 Pikeman
43:58 Squires
44:00 Halberdier
44:03 Elite Skirmisher
44:49 Thumb Ring
47:12 Siege Ram
53:03 Crop Rotation
57:16 Onager
60:50 Chemistry
63:26 Arson
64:05 Siege Onager
65:50 Chain Mail Armor
67:01 Plate Mail Armor
urmomhappy
8:34 Feudal Age
6:51 Loom
9:43 Double-Bit Axe
9:40 Horse Collar
13:50 Castle Age
13:11 Wheelbarrow
13:55 Gold Mining
16:21 Bow Saw
17:42 Town Watch
19:09 Hand Cart
19:16 Heavy Plow
19:56 Gold Shaft Mining
21:31 Town Patrol
22:17 Stone Mining
26:51 Imperial Age
25:03 Stone Shaft Mining
25:34 Caravan
26:31 Ballistics
25:51 Treadmill Crane
26:07 Murder Holes
26:57 Fletching
27:07 Padded Archer Armor
27:45 Masonry
27:44 Elite Bolas Rider
28:27 Bodkin Arrow
28:47 Leather Archer Armor
28:56 Conscription
29:35 Butalmapu
29:31 Malon
29:42 Butalmapu
31:14 Chemistry
30:50 Ring Archer Armor
31:07 Crop Rotation
31:57 Architecture
33:24 Elite Kona
39:07 Coinage
39:33 Bombard Tower
39:18 Siege Engineers
41:48 Banking
47:40 Hoardings
53:31 Capped Ram
53:39 Heavy Scorpion
victor_mv7
0:55 Loom
6:49 Feudal Age
8:07 Feudal Age
9:44 Double-Bit Axe
12:31 Castle Age
10:32 Gold Mining
10:37 Horse Collar
13:27 Bow Saw
16:28 Fervor
16:51 Heavy Plow
20:28 Wheelbarrow
20:47 Sanctity
20:32 Stone Mining
23:09 Forging
24:19 Scale Barding Armor
24:16 Husbandry
24:27 Bloodlines
24:36 Caravan
25:34 Hand Cart
27:14 Treadmill Crane
30:28 Imperial Age
28:48 Chain Barding Armor
29:04 Iron Casting
28:04 Elite Skirmisher
28:44 Light Cavalry
30:34 Cavalier
32:18 Conscription
33:33 Plate Barding Armor
33:29 Fletching
34:24 Padded Archer Armor
36:48 Scale Mail Armor
38:04 Two-Man Saw
36:41 Pikeman
37:44 Squires
54:53 Arson
56:51 Bodkin Arrow
61:11 Bracer
62:17 Redemption
61:42 Capped Ram
66:40 Chain Mail Armor
gil-galad14
7:20 Feudal Age
11:42 Castle Age
9:43 Double-Bit Axe
9:45 Horse Collar
13:33 Scale Mail Armor
14:37 Loom
16:06 Arson
19:05 Bow Saw
20:06 Wheelbarrow
23:25 Heavy Plow
24:11 Fortified Wall
25:05 Caravan
26:02 Hand Cart
29:24 Imperial Age
27:10 Gold Mining
27:11 Stone Mining
28:03 Chain Mail Armor
28:33 Forging
29:14 Royal Heirs
29:28 Squires
30:11 Stone Shaft Mining
30:12 Gold Shaft Mining
29:27 Town Watch
29:38 Elite Shotel Warrior
30:39 Conscription
31:10 Plate Mail Armor
33:26 Iron Casting
35:07 Blast Furnace
33:59 Fletching
39:12 Coinage
39:02 Halberdier
39:41 Bodkin Arrow
40:56 Ballistics
41:37 Chemistry
40:42 Siege Engineers
40:48 Masonry
43:36 Two-Man Saw
49:07 Torsion Engines
51:00 Banking
50:00 Onager
50:02 Heavy Scorpion
54:07 Capped Ram
55:21 Siege Ram
Connection lost

Rejoining the realm…

Still unreachable

The connection could not be restored.

Session expired

The server has moved on; the page needs a fresh start.